 Dungeon Crawl Stone Soup version 0.28-b1-1-g3c77fb2ed1 (webtiles) character file.

Game seed: 18429719827986078916

3064 Zonian the Ducker (level 10, -7/73 HPs)
             Began as a Djinni Ice Elementalist on Jan 30, 2022.
             Was an Initiate of Ashenzari.
             Mangled by a spriggan (13 damage)
             ... in a bailey.
             The game lasted 00:23:38 (13299 turns).

Zonian the Ducker (Djinni Ice Elementalist)        Turns: 13299, Time: 00:23:38

Health: -7/73      AC:  4    Str:  7    XL:     10   Next: 12%
Gold:   252        EV: 15    Int: 27    God:    Ashenzari [......] SH:  0 Dex: 14

rFire   + + .      SeeInvis .   v - staff of conjuration
rCold   x . .      Faith    .   (no shield)
rNeg    . . .      Spirit   .   a - +0 robe
rPois   ∞          Reflect  .   (no helmet)
rElec   .          Harm     .   b - +0 cloak
rCorr   .          Rampage  .   n - +0 pair of gloves
Will    +....                   (boots unavailable)
Stlth   +++.......              (no amulet)
HPRegen 0.22/turn               o - ring "Share My Soothsayer" {Int+6, Cun, Evo} (curse)
MPRegen 0.00/turn               (no ring)

@: flying
A: sickness immunity, fire resistance 2, cold vulnerability 1, float, innate
caster, hp casting, extra vitality 1
a: Renounce Religion, Curse Item, Shatter the Chains


You were in a bailey.
You worshipped Ashenzari.
Ashenzari was noncommittal.
You visited 2 branches of the dungeon, and saw 8 of its levels.
You also visited: Bailey.

You collected 252 gold pieces.

Inventory:

Hand Weapons
 c - a +0 dagger
 d - a +3 dagger of speed
 e - a +0 short sword
 i - a +0 dagger of protection
 s - a +2 whip of flaming
Missiles
 x - 10 poisoned darts
Armour
 a - a +0 robe (worn)
 b - a +0 cloak (worn)
 g - the +0 ring mail of the Fife {+Inv rCorr Dex+3}
   (You found it on level 3 of the Dungeon)

   Dex:       It affects your dexterity (+3).
   +Inv:      It lets you turn invisible.
   rCorr:     It protects you from acid and corrosion.
 n - a +0 pair of gloves (worn)
Magical Staves
 v - a staff of conjuration (weapon)
Jewellery
 o - the cursed ring "Share My Soothsayer" (left hand) {Int+6, Cun, Evo}
   (You found it on level 4 of the Dungeon)

   [ring of intelligence]

   Int:       It affects your intelligence (+6).
   It has a curse which improves the following skills: Cunning: Dodging and
   Stealth.
   Evocations: Evocations.
Wands
 p - a wand of acid (2)
 q - a wand of iceblast (5)
 r - a wand of flame (13)
Scrolls
 f - 2 scrolls of teleportation
Potions
 j - a potion of invisibility
 k - a potion of cancellation
 l - a potion of mutation
 m - a potion of attraction
 w - a potion of might {unknown}


   Skills:
 + Level 6.3 Fighting
 - Level 0.2 Short Blades
 + Level 7.5(8.0) Dodging
 + Level 6.1(6.6) Stealth
 + Level 6.4 Spellcasting


You couldn't memorise any spells.
You knew the following spells:

 Your Spells              Type           Power      Damage    Failure   Level
a - Shock                 Conj/Air       100%       1d9       1%          1
b - Frozen Ramparts       Ice            86%        1d10      1%          3
c - Ozocubu's Armour      Ice            43%        N/A       1%          3
d - Hailstorm             Conj/Ice       60%        3d13      4%          4
e - Freeze                Ice            100%       1d11      1%          1
f - Scorch                Fire           86%        2d9       1%          2
g - Dazzling Flash        Conj/Hex       100%       N/A       1%          3
h - Passage of Golubria   Tloc           43%        N/A       4%          4
Your spell library was empty.

Dungeon Overview and Level Annotations

Branches:
Dungeon (7/15)             Temple (1/1) D:4          Bailey (1/1)

Altars:
Ashenzari
Dithmenos
Elyvilon
Fedhas
Gozag
Hepliaklqana
Kikubaaqudgha
Makhleb
Nemelex Xobeh
Okawaru
Sif Muna
Trog
Vehumet
Wu Jian
Xom
Yredelemnul
Zin

Annotations:
D:7 Menkaure


Innate Abilities, Weirdness & Mutations

You are immune to sickness and miasma.
You are immune to poison.
Your flesh is very heat resistant. (rF++)
You are vulnerable to cold. (rC-)
You float through the air rather than walking.
You learn spells naturally, not from books.
Your magical power is your life essence.
You have superior vitality. (+4 MHP)


Message History

Press: ? - help, Shift-Dir - straight line, f/p - spriggan
Aim: a spriggan, wielding a +0 trident (moderately wounded, 48% to hit)
You feel a surge of power!
The zap hits the spriggan!
The spriggan is severely wounded.
Unknown command.
Casting: Shock (safe; 1% risk of failure)
Confirm with . or Enter, or press ? or * to list all spells.
Aiming: Shock (safe; 1% risk of failure)
Press: ? - help, Shift-Dir - straight line, f/p - spriggan
Aim: a spriggan, wielding a +0 trident (severely wounded, 48% to hit)
You feel a surge of power!
The zap hits the spriggan.
The spriggan is almost dead.
The spriggan hits you from afar with a +0 trident.
Unknown command.
Casting: Shock (safe; 1% risk of failure)
Confirm with . or Enter, or press ? or * to list all spells.
Aiming: Shock (safe; 1% risk of failure)
Press: ? - help, Shift-Dir - straight line, f/p - spriggan
Aim: a spriggan, wielding a +0 trident (almost dead, 48% to hit)
You feel a surge of power!
The zap hits the spriggan.
You kill the spriggan!
Unknown command.
You start resting.
Something hits you!
* * * LOW HITPOINT WARNING * * *
You start resting.
Something hits you!
* * * LOW HITPOINT WARNING * * *
You feel much better. Something hits you!
* * * LOW HITPOINT WARNING * * *
You feel better. Something hits you!
* * * LOW HITPOINT WARNING * * *
You feel better. Something hits you!
* * * LOW HITPOINT WARNING * * *
Aiming: Iceblast
Press: ? - help, Shift-Dir - straight line The mass of ice explodes!
The iceblast engulfs something!
You hear a roar!
Something hits you!
* * * LOW HITPOINT WARNING * * *
You feel better. Something hits you!
You die...

### ##.## #i.
##...## #..#
#.....# #..♣
##.....###..♣
#@.{∩.)≈≈≈..#
#......≈≈≈..#
#.....)≈≈≈..#
#......≈≈)..#
#...∩..≈≈)..#
##.....###..#
#.....# #..#
##...## #..#
##.## ..#


There were no monsters in sight!

Vanquished Creatures
  Pikel (D:4)
  2 spriggans (Bailey)
  A wyvern (D:6)
  2 black bears (D:6)
  A sky beast (D:6)
  An ice beast (D:5)
  A necrophage (D:6)
  6 ogres (Bailey)
  2 lemures (D:4)
  2 phantoms
  A kobold brigand (D:6)
  3 scorpions
  2 water moccasin skeletons
  A bullfrog zombie (D:5)
  A hound (D:5)
  3 bullfrog skeletons (D:6)
  4 orc priests
  A centaur skeleton (D:5)
  4 iguanas
  2 orc wizards
  Natasha (thrice) (D:2)
  A hound zombie (D:5)
  2 hound skeletons
  5 adders
  A gnoll (D:3)
  A white imp (D:3)
  An ufetubus (D:5)
  A worm (D:3)
  17 orcs
  10 ball pythons
  9 endoplasms
  3 giant cockroaches (D:2)
  8 goblins
  8 hobgoblins
  19 kobolds
  5 quokkas
  4 bats
  5 frilled lizards
  8 rats
152 creatures vanquished.

Notes
Turn   | Place    | Note
-------+----------+-------------------------------------------
     0 | D:1      | Zonian the Djinni Ice Elementalist began the quest for the
                  | Orb.
     0 | D:1      | Reached XP level 1. HP: 15/15 MP: 0/0
   347 | D:1      | Reached XP level 2. HP: 17/21 MP: 0/0
   932 | D:1      | Reached XP level 3. HP: 25/25 MP: 0/0
   932 | D:1      | Learned a level 1 spell: Shock
  1626 | D:1      | Found a faded altar of an unknown god.
  2367 | D:2      | Noticed Natasha
  3106 | D:2      | Reached XP level 4. HP: 30/31 MP: 0/0
  3539 | D:2      | Killed Natasha
  3627 | D:2      | Noticed Natasha
  3630 | D:2      | Killed Natasha
  3631 | D:2      | Reached skill level 1 in Fighting
  3631 | D:2      | Reached XP level 5. HP: 31/37 MP: 0/0
  3631 | D:2      | Learned a level 2 spell: Scorch
  3834 | D:2      | Noticed Natasha
  3838 | D:2      | Killed Natasha
  3839 | D:2      | Reached skill level 3 in Dodging
  5166 | D:3      | Identified the +0 ring mail of the Fife {+Inv rCorr Dex+3}
  5205 | D:3      | Found a bloodstained altar of Trog.
  5205 | D:3      | Found an iron altar of Okawaru.
  5666 | D:4      | Reached XP level 6. HP: 40/43 MP: 0/0
  6206 | D:4      | Found a hazy altar of Hepliaklqana.
  6210 | D:4      | Found a blossoming altar of Fedhas.
  6747 | D:4      | Reached XP level 7. HP: 35/49 MP: 0/0
  6747 | D:4      | Learned a level 3 spell: Dazzling Flash
  6873 | D:4      | Reached skill level 4 in Dodging
  6878 | D:4      | Noticed Pikel
  6886 | D:4      | Killed Pikel
  6887 | D:4      | Reached skill level 5 in Spellcasting
  6887 | D:4      | Reached XP level 8. HP: 11/58 MP: 0/0
  7137 | D:4      | Reached skill level 5 in Dodging
  7830 | D:4      | Found a staircase to the Ecumenical Temple.
  7839 | Temple   | Entered the Ecumenical Temple
  7902 | Temple   | Became a worshipper of Ashenzari the Shackled
  7976 | D:5      | Entered Level 5 of the Dungeon
  9212 | D:5      | Noticed a two-headed ogre
  9234 | D:5      | Found a sparkling altar of Nemelex Xobeh.
  9277 | D:5      | Found a shadowy altar of Dithmenos.
  9960 | D:6      | Reached XP level 9. HP: 31/63 MP: 0/0
  9960 | D:6      | Learned a level 4 spell: Passage of Golubria
 10280 | D:6      | Reached skill level 6 in Dodging
 10542 | D:6      | Reached skill level 5 in Stealth
 10742 | D:6      | Reached skill level 5 in Fighting
 11137 | D:6      | Found a glowing silver altar of Zin.
 11139 | D:6      | Noticed an angel
 11143 | D:6      | Found a shimmering altar of Xom.
 12816 | D:7      | Noticed Menkaure
 12979 | D:7      | Found a flagged portal.
 13092 | Bailey   | Entered a bailey
 13215 | Bailey   | Reached skill level 7 in Dodging
 13229 | Bailey   | Reached XP level 10. HP: 30/72 MP: 0/0
 13294 | Bailey   | HP: 2/73 [something (11)]
 13299 | Bailey   | Mangled by a spriggan

Illustrated notes

Levels and vault maps discovered:
D:1:      roderic_chinese_lattice_arrival, layout_rooms,
          dreamdust_ecumenical_altar_statues
D:2:      layout_loops_ring, eino_tiny_chamber, minmay_heptomino_l4,
          uniq_natasha
D:3:      layout_basic, grunt_temple_overflow_bloody_war
D:4:      layout_loops_corners, mainiacjoe_overflow_catwalk_spiral, temple_hall,
          uniq_pikel
D:5:      layout_basic, lemuel_tele_altar,
          nicolae_dithmenos_through_a_glass_darkly, minmay_large_rounded_square
D:6:      layout_gridville, grunt_temple_overflow_order_and_chaos_1,
          serial_bayou_ford_a
D:7:      layout_rooms, mainiacjoe_overflow_catch_the_wave, enter_bailey_4,
          hangedman_decor_diamond_cutter, uniq_maggie, uniq_menkaure,
          uniq_harold
Temple:   dpeg_three_leaves_temple
Bailey:   bailey_polearm_enchanted_keep_hellmonk, bailey

Skill      XL: |  1  2  3  4  5  6  7  8  9 10 |
---------------+-------------------------------+-----
Spellcasting   | 4 5 6 |  6.4
Stealth        | 2 3 4 5 6 |  6.1
Fighting       | 1 2 3 4 6 |  6.3
Dodging        | 3 4 5 7 |  7.5
Short Blades   | |  0.2

Action                   |  1- 3 |  4- 6 |  7- 9 | 10-12 || total
-------------------------+-------+-------+-------+-------++-------
Melee: Dagger            |    13 |    35 |    14 |       ||    62
       Punch             |       |     1 |     1 |       ||     2
       Staff             |       |       |     2 |       ||     2
 Cast: Freeze            |    26 |     5 |     9 |       ||    40
       Shock             |    38 |    94 |   224 |     5 ||   361
       Scorch            |       |     3 |     4 |     2 ||     9
       Frozen Ramparts   |       |       |     1 |       ||     1
Invok: Curse Item        |       |       |     1 |       ||     1
Evoke: Wand              |       |       |     8 |     1 ||     9
  Use: Scroll            |     2 |     4 |     7 |       ||    13
       Potion            |       |       |     1 |     4 ||     5
 Stab: Sleeping          |     2 |     2 |     2 |       ||     6
Armor: Robe              |    11 |     9 |    19 |       ||    39
Dodge: Dodged            |    17 |    28 |    90 |     1 ||   136
